AoeStats
← KrawallUNDremmidemmi

Nomad

510410751Analyzed
3v3 RM · 16h ago on Sep 30, 2026· 53m 18s· 6 players
Game mode
Random Map
Map size
210×210
Population
200
Speed
Normal
Resources
Standard
Victory
Conquest
Starting age
Dark Age
Ending age
Imperial Age
RankedLock teamsTeams togetherTeam positionsShared explorationLock speedFull tech treeHidden civsTurbo modeCheats
Victory
Defeat
🇺🇸 Berbers · United States
1090
+14
🇺🇸 Varangians · United States
1045
+16
🇺🇸 Chinese · United States
1006
+18
🇦🇹 Burgundians · Austria
1106
-18
🇲🇽 Portuguese · Mexico
1054
-16
🇹🇳 Mongols · Tunisia
1000
-42
KrawallUNDremmidemmi
5:30 Loom
11:00 Double-Bit Axe
11:17 Fishing Lines
14:09 Wheelbarrow
18:12 Feudal Age
20:23 Bow Saw
22:56 Forging
26:50 Castle Age
25:41 Stone Mining
25:51 Fletching
39:16 Horse Collar
41:24 Ballistics
42:02 Masonry
ak8403
14:45 Feudal Age
18:14 Man-at-Arms
21:13 Forging
21:12 Double-Bit Axe
27:51 Castle Age
25:38 Horse Collar
R_FACELESS
7:10 Loom
14:53 Feudal Age
15:28 Double-Bit Axe
20:43 Castle Age
18:28 Fishing Lines
22:16 Gillnets
28:28 Imperial Age
26:17 Bow Saw
26:53 Wheelbarrow
28:10 Hand Cart
27:42 Town Watch
29:15 Gold Mining
31:13 Chemistry
30:36 Ballistics
31:51 Fletching
32:03 Murder Holes
33:10 Arquebus
33:52 Bodkin Arrow
35:10 Stone Mining
36:37 Conscription
39:20 Masonry
40:06 Sappers
42:25 Fervor
45:14 Block Printing
45:09 Town Patrol
44:51 Horse Collar
45:24 Forging
45:17 Bracer
46:42 Siege Engineers
47:07 Architecture
47:16 Forging
47:06 Scale Mail Armor
46:57 Treadmill Crane
47:59 Fortified Wall
49:13 Two-Man Saw
48:09 Pikeman
49:37 Iron Casting
49:17 Chain Mail Armor
50:27 Circumnavigation
53:11 Blast Furnace
52:26 Chain Mail Armor
[512] kdyer3827
4:32 Loom
18:37 Feudal Age
20:52 Man-at-Arms
25:17 Double-Bit Axe
29:28 Castle Age
27:22 Fletching
29:32 Forging
31:41 Bow Saw
31:24 Crossbowman
34:12 Thumb Ring
36:05 Long Swordsman
43:19 Bodkin Arrow
44:00 Iron Casting
43:26 Scale Mail Armor
48:00 Wheelbarrow
47:26 Gold Mining
48:27 Chain Mail Armor
50:46 Hand Cart
chairtablelamp
4:34 Loom
13:27 Feudal Age
19:00 Castle Age
18:08 Fletching
18:16 Double-Bit Axe
19:07 Fishing Lines
20:12 Bow Saw
20:22 Horse Collar
22:12 Bodkin Arrow
22:47 Kasbah
26:32 Wheelbarrow
26:47 Husbandry
28:59 Bloodlines
32:26 Scale Barding Armor
32:32 Forging
34:58 Town Watch
39:31 Imperial Age
39:40 Cavalier
41:37 Chain Barding Armor
41:30 Light Cavalry
44:04 Plate Barding Armor
45:07 Gold Mining
45:58 Conscription
46:26 Iron Casting
47:01 Town Patrol
47:30 Hand Cart
49:15 Bracer
50:34 Gold Shaft Mining
49:51 Stone Mining
52:14 Hoardings
akatrikh
8:28 Loom
14:03 Feudal Age
16:35 Bloodlines
16:32 Double-Bit Axe
20:37 Scale Barding Armor
20:43 Forging
20:38 Fishing Lines
25:01 Castle Age
25:51 Husbandry
26:10 Bow Saw
27:16 Chain Barding Armor
41:42 Vendel Legacy
47:04 Imperial Age
46:13 Iron Casting
53:35 Imperial Age
Connection lost

Rejoining the realm…

Still unreachable

The connection could not be restored.

Session expired

The server has moved on; the page needs a fresh start.